 Dungeon Crawl Stone Soup version 0.29-a0-451-gfbfa42419e (webtiles) character file.

Game seed: 2051545610107635273

1776 Faeu the Fighter (level 8, 0/120 HPs)
             Began as a Minotaur Berserker on May 19, 2022.
             Was a Believer of Trog.
             Slain by a two-headed ogre
             ... wielding a +0 giant club
              (13 damage)
             ... on level 8 of the Dungeon.
             The game lasted 00:09:36 (5176 turns).

Faeu the Fighter (Minotaur Berserker)               Turns: 5176, Time: 00:09:36

Health: 0/120      AC:  8    Str: 23    XL:     8   Next: 81%
Magic:  7/7        EV:  8    Int:  4    God:    Trog [**....]
Gold:   251        SH:  3    Dex: 11    Spells: 7/7 levels left

rFire   . . .      SeeInvis .   s - +3 mace {mace}
rCold   . . .      Faith    .   y - +0 buckler
rNeg    . . .      Spirit   .   u - +0 chain mail
rPois   .          Reflect  .   (helmet restricted)
rElec   .          Harm     .   (no cloak)
rCorr   .          Rampage  .   (no gloves)
Will    .....                   (no boots)
Stlth   ..........              (no amulet)
HPRegen 0.30/turn               (no ring)
MPRegen 0.10/turn               (no ring)

@: berserking, very quick
A: horns 2, retaliatory headbutt
a: Renounce Religion, Berserk, Trog's Hand


You were on level 8 of the Dungeon.
You worshipped Trog.
Trog was pleased with you.
You visited 1 branch of the dungeon, and saw 6 of its levels.

You collected 251 gold pieces.


Innate Abilities, Weirdness & Mutations

You have a pair of horns on your head.
You reflexively headbutt those who attack you in melee.


   Skills:
 + Level 10.3 Fighting
 + Level 10.3 Axes
 - Level 2.4 Armour
 - Level 2.1 Dodging


You had 7 spell levels left.
You didn't know any spells.
Your spell library contained the following spells:

 Spells                   Type           Power      Damage    Failure   Level
 Magic Dart               Conj           0%         1d3       100%        1
 Slow                     Hex            0%         N/A       100%        1
 Call Imp                 Summ           0%         N/A       100%        2
 Poisonous Vapours        Pois/Air       0%         N/A       100%        2
 Searing Ray              Conj           0%         2d4       100%        2
 Confusing Touch          Hex            0%         N/A       100%        3
 Ignite Poison            Fire/Tmut/Pois 0%         N/A       100%        3
 Mephitic Cloud           Conj/Pois/Air  0%         N/A       100%        3
 Tukima's Dance           Hex            0%         N/A       100%        3
 Vampiric Draining        Necr           0%         2d6       100%        3
 Corpse Rot               Necr/Pois/Air  0%         N/A       100%        4
 Fulminant Prism          Conj/Hex       0%         3d6       100%        4
 Passage of Golubria      Tloc           0%         N/A       100%        4
 Freezing Cloud           Conj/Ice/Air   0%         6-21      100%        5
 Yara's Violent Unravell  Hex/Tmut       0%         3d3       100%        5

Inventory:

Hand Weapons
 a - a +0 hand axe {axe}
 l - a +1 dagger of venom {short}
   (You took it off a goblin on level 1 of the Dungeon)
 s - a +3 mace (weapon) {mace}
   (You took it off a wight on level 8 of the Dungeon)
 z - a +5 halberd {polearm}
   (You took it off a wight on level 8 of the Dungeon)
 E - the +7 dagger of the Shoals {vorpal, Stlth+, short}
   (You found it on level 7 of the Dungeon)

   It inflicts extra damage upon your enemies.
   Stlth:     It makes you more stealthy.
Armour
 q - a +0 robe
   (You took it off a wight on level 8 of the Dungeon)
 u - a +0 chain mail (worn)
   (You found it on level 8 of the Dungeon)
 w - a +0 scale mail
   (You found it on level 8 of the Dungeon)
 x - a +0 chain mail
   (You took it off an orc on level 3 of the Dungeon)
 y - a +0 buckler (worn)
   (You found it on level 2 of the Dungeon)
 A - a +0 robe
   (You took it off a wight on level 8 of the Dungeon)
 B - a +0 robe
   (You took it off a wight on level 8 of the Dungeon)
 H - a +0 chain mail
   (You took it off an orc warrior on level 8 of the Dungeon)
Jewellery
 r - a ring of wizardry
   (You found it on level 2 of the Dungeon)
Wands
 I - a wand of paralysis (10)
   (You took it off Joseph on level 7 of the Dungeon)
Scrolls
 b - a scroll of torment {unknown}
 c - a scroll of noise {unknown}
 f - 2 scrolls of fog {unknown}
 g - 7 scrolls of identify {unknown}
 i - a scroll of magic mapping {unknown}
 j - a scroll of fear {unknown}
 k - a scroll of poison {unknown}
 m - 6 scrolls of teleportation {unknown}
 n - a scroll of vulnerability {unknown}
 D - 2 scrolls of immolation {unknown}
 G - a scroll of blinking {unknown}
Potions
 d - 2 potions of curing {unknown}
 e - 3 potions of attraction {unknown}
 h - a potion of flight {unknown}
 o - a potion of lignification {unknown}
 p - 4 potions of might {unknown}
 t - a potion of degeneration {unknown}
 v - 2 potions of haste {unknown}
 C - 2 potions of magic {unknown}
 F - a potion of heal wounds {unknown}

Dungeon Overview and Level Annotations

Branches:
Dungeon (8/15)
 Temple: D:4-7         Lair: D:8-11

Altars:

.... #####... .......
..... .... ... #..##...#
###)O##...#
.......#..@o#....#
.......#....#....#
......#....'....# .
#....###<.##...######
..##....###..##...##...##
..'.....................#
#....................#
##....................#
#....)................#


You could see a two-headed ogre and an orc warrior.


Message History

You regained 22 hp, and now have 100/117 hp.
You sock the two-headed ogre! You hit the two-headed ogre.
The two-headed ogre barely misses you. You furiously retaliate!
You headbutt the two-headed ogre!
The two-headed ogre hits you with a +0 giant spiked club! 😕 HP[-9]
You take 9 damage, and now have 91/117 hp.
You bludgeon the two-headed ogre!!
You headbutt the two-headed ogre. 😕 HP[+1]
You sock the two-headed ogre!
You kill the two-headed ogre!
Trog accepts your kill.
Your Fighting skill increases to level 10!
Your Axes skill increases to level 10! 😕 HP[+1]
You now have 118 max hp (+1).
Things that are here:
a +0 giant club {mace}; a +0 giant spiked club {mace} You feel a strong urge to attack something.
You feel your anger nearly subside.
You are no longer berserk.
You are exhausted.
You feel yourself slow down. 😕 HP[-31]
You now have 79 max hp (-39). 😕 HP[+1] 😕 HP[+1] 😕 HP[+1] 😕 HP[+1] 😕 HP[+1]
You start resting.
You feel yourself speed up. 😕 HP[+2]
You regained 2 hp, and now have 69/79 hp.
You start resting.
You recover from your berserk rage. 😕 HP[+2]
You regained 2 hp, and now have 71/79 hp. 😕 HP[+1] HP restored.
An orc comes into view. It is wielding a +0 club.
There is a stone staircase leading up here.
An orc warrior comes into view. It is wielding a +0 flail.
The orc warrior shouts!
The orc shouts! 😎 HP[+7]
An orc wizard comes into view. It is wielding a +0 dagger.
The orc hits you but does no damage.
A two-headed ogre comes into view.
It is wielding a +0 giant club and a +0 dire flail.
The orc wizard shouts!
The two-headed ogre shouts in stereo!
You sock the orc!
You kill the orc!
Trog accepts your kill.
You hit the orc warrior. You thump the orc warrior!
The orc warrior hits you with a +0 flail!
You block the orc warrior's attack. 😕 HP[-17]
You take 17 damage, and now have 62/79 hp.
MASSIVE DAMAGE!! (PAUSE)
You barely miss the orc warrior.
The orc warrior hits you with a +0 flail.
The orc wizard hits you with a +0 dagger. 😮 HP[-4]
You take 4 damage, and now have 58/79 hp.
You closely miss the orc wizard.
The orc warrior hits you with a +0 flail.
The orc wizard hits you but does no damage.
You block the two-headed ogre's attack.
The two-headed ogre hits you with a +0 dire flail. 😮 HP[-6]
You take 6 damage, and now have 52/79 hp.
A red film seems to cover your vision as you go berserk!
You feel yourself moving faster!
You feel mighty!
The orc warrior hits you with a +0 flail.
The orc wizard gestures at you while chanting.
The magic dart hits you. 😮 HP[+19]
You now have 118 max hp (+39).
You regained 19 hp, and now have 71/118 hp.
You bludgeon the orc wizard!!
You kill the orc wizard!
Trog accepts your kill.
Trog appreciates your killing of a magic user.
The two-headed ogre hits you with a +0 giant club!!
* * * LOW HITPOINT WARNING * * *
The two-headed ogre hits you with a +0 dire flail!
* * * LOW HITPOINT WARNING * * *
The orc warrior hits you with a +0 flail.
* * * LOW HITPOINT WARNING * * *
😨 HP[-39]
You now have 120 max hp (+2).
You take 39 damage, and now have 32/120 hp.
MASSIVE DAMAGE!! (PAUSE)
You sock the two-headed ogre! You sock the two-headed ogre!
You headbutt the two-headed ogre!
The orc warrior hits you with a +0 flail.
* * * LOW HITPOINT WARNING * * *
The two-headed ogre hits you with a +0 giant club!
* * * LOW HITPOINT WARNING * * *
The two-headed ogre hits you with a +0 dire flail!
You die...

Skill      XL: |  1  2  3  4  5  6  7  8 |
---------------+-------------------------+-----
Fighting       | 4 5 6 7 8 10 | 10.3
Axes           | 4 5 6 7 8 10 | 10.3
Armour         | |  2.4
Dodging        | |  2.1

Action                   |  1- 3 |  4- 6 |  7- 9 || total
-------------------------+-------+-------+-------++-------
Melee: Hand axe          |    95 |    65 |       ||   160
       Headbutt          |    19 |    14 |     9 ||    42
       Punch             |     1 |       |       ||     1
       Dagger            |       |    20 |    10 ||    30
       Mace              |       |       |    24 ||    24
Invok: Berserk           |       |     4 |     4 ||     8
Armor: Animal skin       |    14 |     4 |       ||    18
       Chain mail        |       |    17 |     4 ||    21
Dodge: Dodged            |    70 |    42 |     5 ||   117
Block: Buckler           |       |     3 |     3 ||     6

Levels and vault maps discovered:
D:1:      lightli_arrival_windingriver, layout_loops_corners, serial_forest,
          infiniplex_forest_clump_double, infiniplex_forest_clump_tiny,
          infiniplex_forest_zigzag_1, infiniplex_forest_straight_4,
          infiniplex_forest_zigzag_1
D:2:      layout_basic, serial_bayou_pond_b, grunt_ministairs_13
D:3:      layout_loops_corners
D:4:      layout_layer_cave, minmay_temple_entry_stoned_glass, serial_shops,
          nicolae_shop_behind_doors
D:7:      layout_loops_cross, nicolae_dithmenos_through_a_glass_darkly,
          serial_shops, nicolae_shop_window_shopping,
          gammafunk_ghost_necromancy, uniq_joseph
D:8:      layout_gridville, dpeg_oklobed_lair

Notes
Turn   | Place    | Note
-------+----------+-------------------------------------------
     0 | D:1      | Faeu the Minotaur Berserker began the quest for the Orb.
     0 | D:1      | Reached XP level 1. HP: 19/19 MP: 0/0
     0 | D:1      | magus.rc [v1.9.6]
   206 | D:1      | Reached skill level 4 in Fighting
   206 | D:1      | Reached skill level 4 in Axes
   206 | D:1      | Reached XP level 2. HP: 26/27 MP: 1/1
   978 | D:1      | Reached XP level 3. HP: 34/34 MP: 2/2
  1045 | D:1      | You add the spells Ignite Poison, Mephitic Cloud and
                  | Freezing Cloud to your library.
  1380 | D:2      | Reached ** piety under Trog
  1706 | D:2      | You pick up a book of Debilitation {forbidden} and begin
                  | reading...
  1706 | D:2      | You add the spells Slow, Vampiric Draining and Confusing
                  | Touch to your library.
  1808 | D:2      | You pick up a book of Minor Magic {forbidden} and begin
                  | reading...
  1808 | D:2      | You add the spells Magic Dart and Call Imp to your library.
  1834 | D:2      | Reached skill level 5 in Fighting
  1834 | D:2      | Reached XP level 4. HP: 37/42 MP: 3/3
  1837 | D:2      | Reached skill level 5 in Axes
  2442 | D:3      | You pick up a book of Vapours {forbidden} and begin
                  | reading...
  2442 | D:3      | You add the spells Poisonous Vapours and Corpse Rot to your
                  | library.
  2585 | D:3      | HP: 9/42 [orc priest/divine providence (13)]
  2589 | D:3      | HP: 4/63 [orc priest/divine providence (10)]
  3023 | D:3      | You pick up a book of Conjurations {forbidden@e2} and begin
                  | reading...
  3023 | D:3      | You add the spells Searing Ray and Fulminant Prism to your
                  | library.
  3557 | D:4      | Reached XP level 5. HP: 46/50 MP: 4/4
  3642 | D:4      | You add the spells Tukima's Dance, Passage of Golubria and
                  | Yara's Violent Unravelling to your library.
  3759 | D:4      | Reached skill level 6 in Fighting
  3759 | D:4      | Reached skill level 6 in Axes
  3818 | D:4      | You fall into a shaft and drop 3 floors!
  3866 | D:7      | Identified the +7 dagger of the Shoals {vorpal, Stlth+}
  3892 | D:7      | Noticed a sky beast
  3905 | D:7      | Killed a sky beast
  3906 | D:7      | Reached XP level 6. HP: 28/58 MP: 5/5
  4115 | D:7      | Noticed a sky beast
  4132 | D:7      | Killed a sky beast
  4133 | D:7      | Reached skill level 7 in Fighting
  4219 | D:7      | Reached skill level 7 in Axes
  4276 | D:7      | Noticed a wyvern
  4278 | D:7      | Noticed Joseph
  4281 | D:7      | Killed a wyvern
  4282 | D:7      | Reached XP level 7. HP: 66/66 MP: 6/6
  4282 | D:7      | Paralysed by Joseph for 4 turns
  4291 | D:7      | HP: 21/99 [Joseph/+0 quarterstaff (8)]
  4293 | D:7      | Killed Joseph
  4293 | D:7      | Reached *** piety under Trog
  4294 | D:7      | Reached skill level 8 in Fighting
  4294 | D:7      | Reached skill level 8 in Axes
  4782 | D:8      | Reached XP level 8. HP: 75/75 MP: 7/7
  4879 | D:8      | Reached skill level 9 in Fighting
  4879 | D:8      | Reached skill level 9 in Axes
  5082 | D:8      | Noticed a two-headed ogre
  5089 | D:8      | Killed a two-headed ogre
  5090 | D:8      | Reached skill level 10 in Fighting
  5090 | D:8      | Reached skill level 10 in Axes
  5167 | D:8      | Noticed a two-headed ogre
  5176 | D:8      | HP: 27/120 [orc warrior/+0 flail (5)]
  5176 | D:8      | HP: 13/120 [two-headed ogre/+0 giant club (14)]
  5176 | D:8      | Slain by a two-headed ogre

Vanquished Creatures
  A two-headed ogre (D:8)
  Joseph (D:7)
  A wyvern (D:7)
  An orc warrior (D:8)
  2 sky beasts (D:7)
  A necrophage (D:4)
  3 wights (D:8)
  A howler monkey (D:4)
  An orc priest (D:3)
  2 iguanas
  An orc wizard (D:8)
  2 adders (D:2)
  A white imp (D:7)
  2 worms (D:2)
  4 dart slugs
  6 orcs
  8 bats
  4 endoplasms
  4 giant cockroaches
  7 goblins
  4 hobgoblins
  7 jackals
  3 quokkas
  3 ball pythons (D:1)
  2 frilled lizards (D:2)
  7 kobolds
  9 rats
88 creatures vanquished.

Vanquished Creatures (others)
  A plant (D:2)
1 creature vanquished.

Grand Total: 89 creatures vanquished

Table legend:
 A = Non-vault XP
 B = Vault XP
 C = Vault XP percentage of total XP
 D = Non-vault monster count
 E = Vault monster count
 F = Vault count percentage of total count
                 A         B        C        D         E       F
            +---------+---------+-------+---------+---------+-------
      Total |    2093 |     445 |  17.5 |      80 |       8 |   9.1
            +---------+---------+-------+---------+---------+-------
        D:1 |      44 |       0 |   0.0 |      25 |       0 |   0.0
        D:2 |      70 |      11 |  13.6 |      24 |       7 |  22.6
        D:3 |      66 |       0 |   0.0 |      12 |       0 |   0.0
        D:4 |     172 |       0 |   0.0 |       5 |       0 |   0.0
        D:7 |     517 |     434 |  45.6 |       5 |       1 |  16.7
        D:8 |    1224 |       0 |   0.0 |       9 |       0 |   0.0
            +---------+---------+-------+---------+---------+-------

Illustrated notes

Table legend:
 A = Kills in this place as a percentage of kills in entire the game.
 B = Kills by you in this place as a percentage of kills by you in the entire game.
 C = Kills by friends in this place as a percentage of kills by friends in the entire game.
 D = Other kills in this place as a percentage of other kills in the entire game.
 E = Experience gained in this place as a percentage of experience gained in the entire game.
 F = Experience gained in this place divided by the number of levels of this place that you have seen.
                   A       B       C       D       E      F
               +-------+-------+-------+-------+-------+----------------------
         Total | 100.0 | 100.0 |   N/A |   N/A | 100.0 | 423.0
       Dungeon | 100.0 | 100.0 |   N/A |   N/A | 100.0 | 423.0
               +-------+-------+-------+-------+-------+----------------------

Table legend: (Time is in decaauts)
 A = Elapsed time spent in this place.
 B = Non-inter-level travel time spent in this place.
 C = Inter-level travel time spent in this place.
 D = Time resting spent in this place.
 E = Time spent auto-exploring this place.
 F = Levels seen in this place.
 G = Mean time per level.
                   A        B        C        D        E       F      G
               +--------+--------+--------+--------+--------+-----+--------+
         Total |   5261 |   5113 |    148 |   1057 |   3148 |   6 |  876.8 |
       Dungeon |   5261 |   5113 |    148 |   1057 |   3148 |   6 |  876.8 |
               +--------+--------+--------+--------+--------+-----+--------+

Top non-repeatable levels by time:
     D:3: 1252 daAuts
     D:1: 1227 daAuts
     D:2: 1067 daAuts
     D:7: 838 daAuts
     D:8: 581 daAuts
     D:4: 293 daAuts
